 Dungeon Crawl Stone Soup version 0.28.0-53-g5a82cb258f (webtiles) character file.

Game seed: 5923274533152862580

42 LustLizard the Shooter (level 3, -5/15 (18) HPs)
             Began as a Spriggan Hunter on July 15, 2022.
             Killed from afar by Sigmund (10 damage)
             ... with a puff of flame
             ... on level 2 of the Dungeon.
             The game lasted 00:04:55 (2470 turns).

LustLizard the Shooter (Spriggan Hunter)            Turns: 2470, Time: 00:04:55

HP:   -5/15 (18)    AC:  2    Str:  8    XL:     3   Next: 35%
MP:   4/4           EV: 17    Int: 18    God:
Gold: 65            SH:  0    Dex: 17    Spells: 0/2 levels left

rFire   . . .      SeeInvis +   a - +1 shortbow
rCold   . . .      Faith    .   (shield currently unavailable)
rNeg    . . .      Spirit   .   c - +0 robe
rPois   .          Reflect  .   (helmet restricted)
rElec   .          Harm     .   (no cloak)
rCorr   .          Rampage  .   (gloves unavailable)
Will    .....                   (boots unavailable)
Stlth   ++........              (no amulet)
HPRegen 0.05/turn               k - +6 ring of intelligence
MPRegen 0.09/turn               (no ring)

@: heavily drained, very quick
A: very small, no large weapons, unfitting armour, see invisible, speed 3
a: no special abilities


You were on level 2 of the Dungeon.
You visited 1 branch of the dungeon, and saw 2 of its levels.

You collected 65 gold pieces.

Inventory:

Hand Weapons
 a - a +1 shortbow (weapon)
 b - a +0 short sword
 l - a +0 dagger
Missiles
 d - 44 arrows (quivered ammo)
 f - 59 stones
 n - 9 poisoned darts
Armour
 c - a +0 robe (worn)
Jewellery
 k - a +6 ring of intelligence (left hand)
Scrolls
 e - a scroll of immolation {unknown}
 h - a scroll of amnesia {unknown}
 i - 2 scrolls of identify {unknown}
 m - a scroll of fog {unknown}
Potions
 g - 2 potions of attraction {unknown}
 j - a potion of curing {unknown}


   Skills:
 + Level 2.0 Fighting
 * Level 0.2 Short Blades
 * Level 5.5 Bows
 - Level 2.6 Dodging
 + Level 2.6 Stealth
 * Level 0.3 Hexes
 * Level 0.2 Ice Magic


You couldn't memorise any spells.
You knew the following spells:

 Your Spells              Type           Power      Damage    Failure   Level
a - Ensorcelled Hibernat  Hex/Ice        0%         N/A       30%         2

Your spell library contained the following spells:

 Spells                   Type           Power      Damage    Failure   Level
 Magic Dart               Conj           0%         1d3       22%         1
 Call Imp                 Summ           0%         N/A       32%         2
 Passwall                 Tmut/Erth      0%         N/A       32%         2
 Mephitic Cloud           Conj/Pois/Air  0%         N/A       54%         3
 Swiftness                Air            0%         N/A       54%         3


Dungeon Overview and Level Annotations

Branches:
Dungeon (2/15)

Altars:

Annotations:
D:2 Sigmund, Terence


Innate Abilities, Weirdness & Mutations

You are very small and have problems with some larger weapons.
You are too small for most types of armour.
You have supernaturally acute eyesight. (SInv)
You cover ground extremely quickly. (Speed+++)


Message History

You puncture the endoplasm!
You kill the endoplasm!
You now have 65 gold pieces (gained 9).
Terence and Sigmund come into view.
Terence is wielding a +0 mace, wearing a +0 scale mail of cold resistance and carrying a wand of flame (29).
The helpless Sigmund fails to defend himself.
You puncture Sigmund!
Sigmund is heavily wounded.
Sigmund misses you. Sigmund misses you.
a - a +1 shortbow (weapon)
You shoot an arrow. The arrow hits Sigmund.
Sigmund is heavily wounded.
Sigmund completely misses you.
You shoot an arrow. The arrow closely misses Sigmund.
Sigmund barely misses you.
You shoot an arrow. The arrow hits Sigmund.
Sigmund is heavily wounded.
You shoot an arrow. The arrow hits Sigmund!
Sigmund is almost dead.
Sigmund hits you from afar with a +0 scythe!
Ouch! That really hurt!
* * * LOW HITPOINT WARNING * * *
You are too injured to fight recklessly!
Fire: 46 arrows
Press: ? - help, Q - select action, (/) - cycle Shift-Dir - straight line, f/p - Sigmund
Aim: Sigmund, wielding a +0 scythe and wearing a +0 robe (almost dead, 61% to hit)
You shoot an arrow.
The arrow hits Sigmund but does no damage.
Sigmund is almost dead.
Fire: 45 arrows
Press: ? - help, Q - select action, (/) - cycle Shift-Dir - straight line, f/p - Sigmund
Aim: Sigmund, wielding a +0 scythe and wearing a +0 robe (almost dead, 61% to hit)
You shoot an arrow. The arrow barely misses Sigmund.
Sigmund gestures wildly while chanting.
Sigmund flickers and vanishes for a moment.
Sigmund gestures at you while chanting. The puff of flame hits you!
Ouch! That really hurt!
You die...

.######
########@######
......# ####(#
.####.# #(.(.#
.# #(#### .#
#@# .# #.# .##
# #.# ..# #.#
#.# ..# .. #@#
..#
..##.#######.#
..#
.............#
..#
.........#####
..# .....###.#
... ...# #.#
<##### #.# ##
#.# #.#


You could see Sigmund (invisible).

Vanquished Creatures
  An adder (D:2)
  A dart slug (D:1)
  A ball python (D:1)
  5 bats
  3 endoplasms
  6 giant cockroaches (D:1)
  3 goblins
  A hobgoblin (D:1)
  A quokka (D:1)
  2 frilled lizards (D:1)
  2 kobolds
  2 rats
28 creatures vanquished.

Notes
Turn   | Place    | Note
-------+----------+-------------------------------------------
     0 | D:1      | LustLizard the Spriggan Hunter began the quest for the Orb.
     0 | D:1      | Reached XP level 1. HP: 10/10 MP: 2/2
   462 | D:1      | Reached skill level 5 in Bows
   843 | D:1      | Reached XP level 2. HP: 12/15 MP: 3/3
  1871 | D:2      | Reached XP level 3. HP: 7/18 MP: 4/4
  1874 | D:2      | Learned a level 2 spell: Ensorcelled Hibernation
  2401 | D:2      | Found a faded altar of an unknown god.
  2447 | D:2      | Noticed Terence
  2447 | D:2      | Noticed Sigmund
  2470 | D:2      | Killed from afar by Sigmund

Illustrated notes

Levels and vault maps discovered:
D:1:      evilmike_arrival_plus, layout_basic, serial_corexii_hall,
          chequers_hall_statues_y, chequers_hall_statues_corner_a,
          minmay_worlds_worst_comb
D:2:      layout_loops_ring, shapermc_ecumenical_altar_venn, fountainhead,
          uniq_terence, uniq_sigmund, uniq_robin

Skill      XL: |  1  2 |
---------------+-------+-----
Bows           | 5 |  5.5
Stealth        | 2 |  2.6
Fighting       | 2 |  2.0
Short Blades   | |  0.2
Dodging        | |  2.6
Hexes          | |  0.3
Ice Magic      | |  0.2

Action                   || total
-------------------------++-------
Melee: Dagger            ||    43
       Punch             ||     1
 Fire: Shortbow          ||    57
Throw: Stone             ||   114
 Stab: Sleeping          ||     4
Armor: Robe              ||    15
Dodge: Dodged            ||   122
